 Dungeon Crawl Stone Soup version 0.18-a0-1562-gac8da35 (webtiles) character file.

34 angel3174 the Skirmisher (level 3, -4/36 HPs)
             Began as a Gargoyle Berserker on Mar 13, 2016.
             Was a Believer of Trog.
             Killed from afar by Natasha (6 damage)
             ... with a magic dart
             ... on level 2 of the Dungeon.
             The game lasted 00:05:05 (787 turns).

angel3174 the Skirmisher (Gargoyle Berserker)        Turns: 787, Time: 00:05:06

Health: -4/36      AC:  5    Str: 26    XL:     3   Next: 31%
Magic:  12/12      EV: 12    Int:  7    God:    Trog [**....]
Gold:   76         SH:  0    Dex:  9    Spells: 0 memorised, 2 levels left

rFire  . . .     SeeInvis .     a - +0 mace
rCold  . . .     Gourm    .     b - +0 animal skin
rNeg   + . .     Faith    .     (no shield)
rPois  ∞         Spirit   .     (no helmet)
rElec  +         Dismiss  .     (no cloak)
rCorr  .         Reflect  .     (no gloves)
SustAt .         Harm     .     (no boots)
MR     ++...                    (no amulet)
Stlth  ..........               f - ring of wizardry
                                e - ring of magical power

@: berserking, regenerating, very quick, very resistant to hostile enchantments,
extremely unstealthy
A: negative energy resistance 1, electricity resistance, unbreathing,
petrification resistance, rot immunity, AC +3
a: Berserk, Trog's Hand, Burn Spellbooks, Renounce Religion


You were on level 2 of the Dungeon.
You worshipped Trog.
Trog was pleased with you.
You were not hungry.

You visited 1 branch of the dungeon, and saw 2 of its levels.

You collected 76 gold pieces.

Inventory:

Hand Weapons
 a - a +0 mace (weapon)
Missiles
 d - 22 stones (quivered)
 i - 2 throwing nets
 k - 14 arrows
Armour
 b - a +0 animal skin (worn)
Jewellery
 e - a ring of magical power (left hand)
 f - a ring of wizardry (right hand)
Scrolls
 m - a scroll of fear
Potions
 g - a potion of brilliance {unknown}
 j - 2 potions of degeneration {unknown}
Comestibles
 c - a bread ration
 h - 3 fruits
 l - 4 chunks of flesh
 n - a meat ration


   Skills:
 + Level 3.7 Fighting
 + Level 3.5 Maces & Flails
 + Level 0.1 Throwing
 + Level 2.2 Armour
 + Level 2.0 Dodging


You had 2 spell levels left.
You didn't know any spells.

Dungeon Overview and Level Annotations

Branches:
Dungeon (2/15)

Altars:
Nemelex Xobeh

Annotations:
D:2 Natasha


Innate Abilities, Weirdness & Mutations

You are resistant to torment.
Your stone body is resilient (AC +3).
You are immune to poison.
You resist negative energy.
You are resistant to electric shocks.
You can survive without breathing.
You are immune to petrification.
You are immune to rotting.


Message History

The puff of frost misses you.
You sock the iron imp!
The iron imp is severely wounded.
Natasha claws you but does no damage. The iron imp barely misses you.
You hit the iron imp.
The iron imp is severely wounded.
You feel the effects of Trog's Hand fading.
Natasha barely misses you. The white imp barely misses you.
Natasha howls an incantation.
Natasha shimmers violently.
Natasha claws you. The iron imp hits you.
* * * LOW HITPOINT WARNING * * *
You completely miss the iron imp.
The iron imp is severely wounded.
The white imp gestures at you. The puff of frost hits you!
* * * LOW HITPOINT WARNING * * *
Natasha casts a spell at you. The magic dart hits you!
You die...

#............
#............
#............
#............
##....(.......
#..(.....##...
#........# ..
#........# .
#......@†#
#.....5h5.r..(.
#...⌠.⌠5.......
#...._...#..<..
#...⌠.⌠...##...
#####..##.# ##.
##. .# #. .#


You could see an iron imp, Natasha, a white imp, a shadow imp and a rat.

Vanquished Creatures
  2 dart slugs (D:1)
  2 giant geckos
  2 giant cockroaches (D:1)
  3 hobgoblins (D:1)
  3 jackals (D:2)
  6 kobolds
  3 bats (D:1)
  3 goblins (D:1)
  A rat (D:1)
25 creatures vanquished.

Notes
Turn   | Place    | Note
--------------------------------------------------------------
     0 | D:1      | angel3174 the Gargoyle Berserker began the quest for the Orb.
     0 | D:1      | Reached XP level 1. HP: 14/14 MP: 1/1
   278 | D:1      | Reached XP level 2. HP: 19/19 MP: 2/2
   589 | D:1      | Reached ** piety under Trog
   614 | D:1      | Reached XP level 3. HP: 16/24 MP: 3/3
   776 | D:2      | Found a sparkling altar of Nemelex Xobeh.
   776 | D:2      | Noticed Natasha
   787 | D:2      | Killed from afar by Natasha

Vault maps used:
D:1:      roderic_crossed_star
D:2:      nicolae_ru_path_of_blood, nicolae_overflow_hidden_temple, first_bread,
          nemelex_xobeh_ov_fountains_minmay, uniq_terence, uniq_natasha

Skill      XL: |  1  2  3 |
---------------+----------+-----
Dodging        | 2 |  2.0
Fighting       | |  3.7
Maces & Flails | |  3.5
Throwing       | |  0.1
Armour         | |  2.2

Action                   || total
-------------------------++-------
Melee: Mace              ||    87
Throw: Stone             ||     8
Invok: Berserk           ||     3
       Trog's Hand       ||     1
  Use: Scroll            ||     1
  Eat: Chunk             ||     2
